 Dungeon Crawl Stone Soup version 0.23.2-40-g277498a001 (webtiles) character file.

Game seed: 17092123010234984378

77 Exodus22XD the Skirmisher (level 4, 0/37 HPs)
             Began as a Demonspawn Fighter on Aug 31, 2019.
             Succumbed to an adder's poison
             ... on level 2 of the Dungeon.
             The game lasted 00:04:12 (1249 turns).

Exodus22XD the Skirmisher (Demonspawn Fighter)      Turns: 1249, Time: 00:04:13

Health: 0/37       AC:  6    Str: 18    XL:     4   Next: 13%
Magic:  4/4        EV: 14    Int:  9    God:
Gold:   29         SH:  9    Dex: 17    Spells: 3/3 levels left

rFire    . . .     SeeInvis .   a - +0 long sword
rCold    . . .     Gourm    .   c - +0 shield
rNeg     . . .     Faith    .   b - +0 scale mail
rPois    .         Spirit   .   (no helmet)
rElec    .         Reflect  .   (no cloak)
rCorr    .         Harm     .   (no gloves)
MR       .....                  (no boots)
Stlth    +.........             (no amulet)
HPRegen  0.12/turn              (no ring)
MPRegen  0.09/turn              (no ring)

@: agile, lethally poisoned (0 -> -4), very slightly contaminated, invisible
A: repulsion field 1
a: no special abilities


You were on level 2 of the Dungeon.
You were hungry.

You visited 1 branch of the dungeon, and saw 2 of its levels.

You collected 29 gold pieces.

Inventory:

Hand Weapons
 a - a +0 long sword (weapon)
Armour
 b - a +0 scale mail (worn)
 c - a +0 shield (worn)
Scrolls
 e - a scroll of teleportation {unknown}
 h - a scroll of magic mapping {unknown}
 i - a scroll of fear {unknown}
 j - 2 scrolls of identify {unknown}
Potions
 d - a potion of might
Comestibles
 f - 4 rations
 g - 4 chunks of flesh


   Skills:
 + Level 3.7 Fighting
 + Level 2.5 Long Blades
 + Level 3.2 Armour
 + Level 0.6 Dodging
 - Level 2.9 Shields


You had 3 spell levels left.
You didn't know any spells.
Your spell library was empty.

Dungeon Overview and Level Annotations

Branches:
Dungeon (2/15)

Altars:
Vehumet


Innate Abilities, Weirdness & Mutations

You are surrounded by a mild repulsion field. (EV +2)


Message History

The ball python constricts you. The adder bites you.
* * * LOW HITPOINT WARNING * * *
You are more poisoned.
The adder poisons you!
You are very lightly contaminated with residual magic.
It was a potion of agility.
You feel agile all of a sudden.
* * * LOW HITPOINT WARNING * * *
You feel sick.
The ball python bites you but does no damage.
The ball python constricts you. The adder barely misses you.
You hit the adder.
You kill the adder!
You have reached level 4!
You feel stronger.
* * * LOW HITPOINT WARNING * * *
You feel sick. The ball python barely misses you.
You riposte.
You slash the ball python!
You kill the ball python!
You die...

....%...#
..........<..#.
..............
........#....#
........#....#
......†.#....#
........#....#
........#....#.#.
#>......@........
#####+#######.#....#
#.......#####.######
#.................#
#.................#
#.................#
#
#.................#
###
#..........)......#
#..
#.................#
#..


There were no monsters in sight!

Vanquished Creatures
  An adder (D:2)
  2 oozes
  2 dart slugs (D:1)
  4 leopard geckos (D:1)
  An orc (D:2)
  A giant cockroach (D:1)
  9 hobgoblins
  2 jackals (D:1)
  5 kobolds
  2 ball pythons (D:2)
  5 bats
  A frilled lizard (D:1)
  7 goblins
  4 rats
46 creatures vanquished.

Notes
Turn   | Place    | Note
-------+----------+-------------------------------------------
     0 | D:1      | Exodus22XD the Demonspawn Fighter began the quest for the
                  | Orb.
     0 | D:1      | Reached XP level 1. HP: 18/18 MP: 1/1
    70 | D:1      | Gained mutation: You are surrounded by a mild repulsion
                  | field. (EV +2) [demonic ancestry]
    70 | D:1      | Reached XP level 2. HP: 13/24 MP: 2/2
   358 | D:1      | Reached XP level 3. HP: 29/29 MP: 3/3
  1020 | D:2      | Found a radiant altar of Vehumet.
  1246 | D:2      | HP: 1/30 [poisoned by an adder]
  1247 | D:2      | Reached XP level 4. HP: 2/37 MP: 4/4
  1249 | D:2      | Succumbed to an adder's poison

Skill      XL: |  1  2 |
---------------+-------+-----
Armour         | 3 |  3.2
Long Blades    | 2 |  2.5
Fighting       | |  3.7
Dodging        | |  0.6
Shields        | |  2.9

Action                   |  1- 3 |  4- 6 || total
-------------------------+-------+-------++-------
Melee: Long sword        |   159 |       ||   159
  Use: Potion            |     2 |       ||     2
  Eat: Chunk             |     1 |       ||     1
Armor: Scale mail        |    98 |       ||    98
Dodge: Dodged            |    60 |     1 ||    61
Block: Shield            |   106 |       ||   106
       Rpst.: Long sword |    15 |     1 ||    16
